 Dungeon Crawl Stone Soup version 0.28-a0-194-g42b4daccc1 (webtiles) character file.

Game seed: 9389296034833091667

551 timneilson the Shield-Bearer (level 7, 0/44 HPs)
             Began as a Gargoyle Fighter on Aug 18, 2021.
             Was an Initiate of Okawaru.
             Slain by a troll (8 damage)
             ... on level 4 of the Dungeon.
             The game lasted 00:06:22 (5779 turns).

timneilson the Shield-Bearer (Gargoyle Fighter)     Turns: 5779, Time: 00:06:23

Health: 0/44       AC: 14    Str: 21    XL:     7   Next: 29%
Magic:  7/7        EV:  7    Int:  9    God:    Okawaru [......]
Gold:   176        SH:  9    Dex:  9    Spells: 6/6 levels left

rFire   . . .      SeeInvis .   g - +0 scimitar
rCold   . . .      Faith    .   c - +1 kite shield
rNeg    + . .      Spirit   .   b - +0 scale mail
rPois   ∞          Reflect  .   (no helmet)
rElec   +          Harm     .   t - +0 cloak
rCorr   .          Rampage  .   p - +0 pair of gloves
Will    .....                   (no boots)
Stlth   ..........              (no amulet)
HPRegen 0.14/turn               (no ring)
MPRegen 0.10/turn               (no ring)

@: mighty
A: sickness immunity, AC +4, negative energy resistance 1, electricity
resistance, torment resistance 1, petrification resistance
a: Renounce Religion


You were on level 4 of the Dungeon.
You worshipped Okawaru.
Okawaru was noncommittal.
You visited 2 branches of the dungeon, and saw 6 of its levels.

You collected 176 gold pieces.

Inventory:

Hand Weapons
 a - a +1 long sword
 g - a +0 scimitar (weapon)
Armour
 b - a +0 scale mail (worn)
 c - a +1 kite shield (worn)
 p - a +0 pair of gloves (worn)
 t - a +0 cloak (worn)
Jewellery
 q - a ring of ice
 s - an amulet of the acrobat
Wands
 n - a wand of digging (9)
Scrolls
 o - a scroll of identify
Potions
 e - 2 potions of magic {unknown}
 f - a potion of brilliance
 h - a potion of experience {unknown}
 i - a potion of haste {unknown}
 j - 2 potions of flight {unknown}
 k - a potion of resistance {unknown}
 l - a potion of degeneration {unknown}
 m - a potion of attraction {unknown}
 r - a potion of lignification {unknown}


   Skills:
 + Level 4.4 Fighting
 * Level 3.9 Long Blades
 * Level 5.4 Armour
 * Level 5.5 Shields
 + Level 0.0 Invocations
 + Level 1.0 Evocations


You had 6 spell levels left.
You didn't know any spells.
Your spell library contained the following spells:

 Spells                   Type           Power      Damage    Failure   Level
 Conjure Flame            Conj/Fire      0%         6-21      100%        3
 Ignite Poison            Fire/Tmut/Pois 0%         N/A       100%        3
 Sticky Flame             Conj/Fire      0%         2d3       100%        4
 Orb of Destruction       Conj           0%         N/A       100%        7
 Summon Small Mammal      Summ           Unusable   N/A       N/A         1
 Call Canine Familiar     Summ           Unusable   N/A       N/A         3
 Summon Guardian Golem    Hex/Summ       Unusable   N/A       N/A         3
 Spellforged Servitor     Conj/Summ      Unusable   N/A       N/A         7

Dungeon Overview and Level Annotations

Branches:
Dungeon (5/15)             Temple (1/1) D:4

Altars:
Ashenzari
Cheibriados
Dithmenos
Gozag
Kikubaaqudgha
Makhleb
Nemelex Xobeh
Okawaru
Ru
Trog
Uskayaw
Vehumet
Wu Jian
Xom
Yredelemnul


Innate Abilities, Weirdness & Mutations

You are immune to sickness and miasma.
Your stone body is resilient. (AC +4)
You are immune to poison.
You resist negative energy. (rN+)
You are resistant to electric shocks. (rElec)
You are resistant to unholy torment.
You are immune to petrification.


Message History

There is a stone staircase leading up here.
The troll completely misses you. The troll barely misses you.
The troll closely misses you.
The orc throws a boomerang.
The boomerang hits you but does no damage.
You climb upwards.
There is a stone staircase leading down here.
You closely miss the troll. You block the troll's attack.
The troll claws you. x2
You barely miss the troll. The troll bites you but does no damage.
The troll claws you but does no damage. The troll barely misses you.
You feel very mighty all of a sudden. The troll completely misses you.
The troll claws you but does no damage. You block the troll's attack.
You hit the troll.
The troll is lightly wounded.
You block the troll's attack. The troll claws you but does no damage.
The troll claws you! The troll bites you.
The troll claws you but does no damage. x2
You slash the troll!
The troll is heavily wounded.
You block the troll's attack. The troll completely misses you.
The troll claws you but does no damage.
You closely miss the troll.
The troll is moderately wounded.
You block the troll's attack. The troll claws you but does no damage.
You block the troll's attack. The troll bites you but does no damage.
You block the troll's attack. The troll claws you but does no damage.
You slice the troll!!
The troll is severely wounded.
The troll bites you. The troll claws you!
* * * LOW HITPOINT WARNING * * *
You block the troll's attack.
You closely miss the troll.
The troll is severely wounded.
The troll bites you but does no damage. The troll claws you.
* * * LOW HITPOINT WARNING * * *
The troll claws you but does no damage.
You closely miss the troll.
The troll is severely wounded.
The troll bites you!
You die...

..........#........'.......#
#####.....###..#####.......###
#...#.......#..#.....#####...#
#...#.......#..#.....#......##
'..(#.......#..#.....#......#
#...+.......#..#.....#.).).<#
###'#.......####.....#.#########
##.......#####.....###'##..##..#
.#.......#...#..@T.#...........#
.#.......#...#.....+...........#
.#.......#'###.....###'######..#
.#######........#+####.#########
..#....#.....)..#.....(........#
..'....#........#..............#
..#....#........+..............#
..#....#........#..............#
..##...#........#..............#


You could see a troll.

Vanquished Creatures
  A black bear (D:4)
  2 phantoms
  A scorpion (D:4)
  A howler monkey (D:4)
  A jelly (D:4)
  10 gnolls
  An adder (D:2)
  A worm (D:2)
  2 dart slugs
  2 orcs
  5 ball pythons
  9 bats
  10 endoplasms
  A giant cockroach (D:3)
  9 goblins
  8 hobgoblins
  3 jackals (D:1)
  8 kobolds
  3 quokkas
  2 frilled lizards (D:1)
  2 rats
82 creatures vanquished.

Notes
Turn   | Place    | Note
-------+----------+-------------------------------------------
     0 | D:1      | timneilson the Gargoyle Fighter began the quest for the
                  | Orb.
     0 | D:1      | Reached XP level 1. HP: 14/14 MP: 1/1
   277 | D:1      | Reached XP level 2. HP: 10/19 MP: 2/2
   773 | D:1      | Found a faded altar of an unknown god.
  1056 | D:1      | Reached XP level 3. HP: 23/23 MP: 3/3
  1984 | D:2      | Noticed a phantom
  1994 | D:2      | Killed a phantom
  1995 | D:2      | Reached XP level 4. HP: 13/29 MP: 4/4
  1995 | D:2      | Reached XP level 5. HP: 15/33 MP: 5/5
  4447 | D:4      | Noticed a phantom
  4492 | D:4      | Killed a phantom
  4493 | D:4      | Reached skill level 5 in Shields
  4493 | D:4      | Reached XP level 6. HP: 10/38 MP: 6/6
  5073 | D:4      | Reached skill level 5 in Armour
  5317 | D:4      | Reached XP level 7. HP: 36/43 MP: 7/7
  5507 | D:4      | Found a staircase to the Ecumenical Temple.
  5512 | Temple   | Entered the Ecumenical Temple
  5517 | Temple   | Became a worshipper of Warmaster Okawaru
  5627 | D:4      | Reached skill level 1 in Evocations
  5768 | D:5      | Entered Level 5 of the Dungeon
  5768 | D:5      | Noticed a troll
  5779 | D:4      | Slain by a troll

Illustrated notes

Levels and vault maps discovered:
D:1:      lightli_arrival_isolated_outpost, layout_basic,
          chequers_ecumenical_altar_lobes, hangedman_feature_mirror
D:2:      layout_basic, minmay_fountain_box
D:3:      kennysheep_big_flooded_room, layout_loops_cross,
          kennysheep_generic_room_10
D:4:      layout_gridville, minmay_temple_entry_nine_rooms
D:5:      layout_basic
Temple:   minmay_freezing_vapour_temple

Skill      XL: |  1  2  3  4  5  6  7 |
---------------+----------------------+-----
Long Blades    | 2 3 |  3.9
Armour         | 4 5 |  5.4
Shields        | 4 5 |  5.5
Fighting       | 4 |  4.4
Evocations     | 1 |  1.0

Action                   |  1- 3 |  4- 6 |  7- 9 || total
-------------------------+-------+-------+-------++-------
Melee: Long sword        |   130 |    13 |       ||   143
       Scimitar          |       |   169 |    11 ||   180
  Use: Scroll            |     3 |     4 |       ||     7
       Potion            |       |       |     1 ||     1
Armor: Scale mail        |    90 |    82 |    16 ||   188
Dodge: Dodged            |    44 |    52 |     9 ||   105
Block: Kite shield       |    70 |   108 |    10 ||   188
       Rpst.: Long sword |    14 |     1 |       ||    15
       Scimitar          |       |    20 |     2 ||    22

Table legend: (Time is in decaauts)
 A = Elapsed time spent in this place.
 B = Non-inter-level travel time spent in this place.
 C = Inter-level travel time spent in this place.
 D = Time resting spent in this place.
 E = Time spent auto-exploring this place.
 F = Levels seen in this place.
 G = Mean time per level.
                   A        B        C        D        E       F      G
               +--------+--------+--------+--------+--------+-----+--------+
         Total |   5938 |   5742 |    196 |    348 |   4532 |   6 |  989.7 |
       Dungeon |   5914 |   5722 |    192 |    348 |   4532 |   5 | 1182.8 |
        Temple |     24 |     20 |      4 |      0 |      0 |   1 |   24.0 |
               +--------+--------+--------+--------+--------+-----+--------+

Top non-repeatable levels by time:
     D:1: 1694 daAuts
     D:4: 1624 daAuts
     D:2: 1419 daAuts
     D:3: 1174 daAuts
  Temple: 24 daAuts
     D:5: 1 daAuts
